 Dungeon Crawl Stone Soup version 0.29.1-15-g9cfb28693d (webtiles) character file.

Game seed: 5104761079980208765

112 flickminster the Slasher (level 4, 0/26 HPs)
             Began as a Gargoyle Gladiator on Apr 13, 2023.
             Slain by an orc
             ... wielding a +4 morningstar
              (10 damage)
             ... on level 4 of the Dungeon.
             The game lasted 00:06:32 (3426 turns).

flickminster the Slasher (Gargoyle Gladiator)       Turns: 3426, Time: 00:06:33

Health: 0/26       AC:  9    Str: 19    XL:     4   Next: 95%
Magic:  4/4        EV: 12    Int:  9    God:
Gold:   132        SH:  0    Dex: 11    Spells: 3/3 levels left

rFire   . . .      SeeInvis .   a - +0 long sword
rCold   . . .      Faith    .   (no shield)
rNeg    + . .      Spirit   .   b - +0 leather armour
rPois   ∞          Reflect  .   c - +0 helmet
rElec   +          Harm     .   g - +0 cloak
rCorr   .          Rampage  .   (no gloves)
Will    .....                   (no boots)
Stlth   +.........              (no amulet)
HPRegen 0.08/turn               (no ring)
MPRegen 0.09/turn               (no ring)

@: confused
A: sickness immunity, AC +3, negative energy resistance 1, electricity
resistance, torment resistance 1, petrification resistance
a: no special abilities


You were on level 4 of the Dungeon.
You visited 1 branch of the dungeon, and saw 4 of its levels.

You collected 132 gold pieces.

Inventory:

Hand Weapons
 a - a +0 long sword (weapon)
Missiles
 d - 2 throwing nets (quivered)
 e - a javelin
Armour
 b - a +0 leather armour (worn)
 c - a +0 helmet (worn)
 f - a +0 ring mail
 g - a +0 cloak (worn)
Wands
 p - a wand of flame (13)
Scrolls
 h - 2 scrolls of teleportation {unknown}
 j - a scroll of vulnerability
 k - 2 scrolls of magic mapping
 m - a scroll of butterflies {unknown}
Potions
 i - 2 potions of degeneration
 l - 3 potions of haste {unknown}
 n - a potion of might {unknown}
 o - a potion of brilliance {unknown}


   Skills:
 - Level 2.1 Fighting
 + Level 3.6 Long Blades
 - Level 1.7 Throwing
 + Level 2.6 Armour
 + Level 3.2 Dodging


You had 3 spell levels left.
You didn't know any spells.
Your spell library contained the following spells:

 Spells                   Type           Power      Damage    Failure   Level
 Sandblast                Erth           0%         2d4       43%         1
 Passwall                 Tmut/Erth      0%         N/A       58%         2
 Stone Arrow              Conj/Erth      0%         3d7       82%         3
 Dispersal                Tloc           0%         N/A       100%        6
 Disjunction              Tloc           0%         N/A       100%        8


Dungeon Overview and Level Annotations

Branches:
Dungeon (4/15)
 Temple: D:4-7

Altars:
Okawaru
Vehumet
Yredelemnul

Shops:
D:1 [

Annotations:
D:3 1 runed translucent door, Kes's ghost, amateur TrGl


Innate Abilities, Weirdness & Mutations

You are immune to sickness and miasma.
Your stone body is resilient. (AC +3)
You are immune to poison.
You resist negative energy. (rN+)
You are resistant to electric shocks. (rElec)
You are resistant to unholy torment.
You are immune to petrification.


Message History

You are too confused!
You are too confused!
You are too confused!
The hound attacks as you move away! The hound bites you.
The hound closely misses you. The orc wizard casts a spell at you.
The puff of flame misses you.
You bump into the rock wall.
The hound bites you but does no damage.
You're too confused to move!
The hound completely misses you. x2
The orc wizard casts a spell at you. The magic dart hits you.
You bump into the rock wall.
You feel less confused. The hound misses you. The orc wizard barely misses you.
You closely miss the hound.
The hound is moderately wounded.
The hound bites you but does no damage. The hound bites you.
The orc wizard gestures at you while chanting.
You are confused.
You slash the hound!
The hound is severely wounded.
The hound bites you but does no damage.
The orc wizard hits you with a +0 dagger.
The hound closely misses you.
You closely miss the hound.
The hound is severely wounded.
The hound barely misses you. The orc hits you with a +4 morningstar.
The orc wizard closely misses you.
You completely miss the hound.
The hound is severely wounded.
The hound bites you. The hound bites you but does no damage.
The orc barely misses you.
The orc wizard gestures at you while chanting.
You resist with some effort.
Non-targeted confused throw: 3 throwing nets
Press: ? - help, Q - select action, (/) - cycle Dir - look around, f - activate You throw a throwing net.
The throwing net barely misses the orc wizard.
The hound bites you but does no damage. The orc hits you with a +4 morningstar!
You die...

#........ #.......
#...... #.....
#.... #...# ..
#...# ....#...####
.........@.#
........ooh#
.........[.$...!..
..................
..............####
..............#
###....o........
#.........(....
#.o......#.....


You could see a hound, an orc wizard and 2 orcs.

Vanquished Creatures
  4 adders
  2 worms
  A dart slug (D:3)
  5 orcs (D:3)
  6 bats
  6 endoplasms
  A giant cockroach (D:3)
  7 goblins
  7 hobgoblins
  5 kobolds
  A quokka (D:2)
  5 ball pythons
  4 frilled lizards
  6 rats
60 creatures vanquished.

Notes
Turn   | Place    | Note
-------+----------+-------------------------------------------
     0 | D:1      | flickminster the Gargoyle Gladiator began the quest for the
                  | Orb.
     0 | D:1      | Reached XP level 1. HP: 12/12 MP: 1/1
   507 | D:1      | Reached XP level 2. HP: 17/17 MP: 2/2
   626 | D:1      | Reached skill level 1 in Armour
   632 | D:1      | Found Onefry's Antique Armour Boutique.
  1712 | D:2      | Reached XP level 3. HP: 20/21 MP: 3/3
  1852 | D:2      | You fall into a shaft and drop 1 floor!
  2344 | D:3      | Reached XP level 4. HP: 25/26 MP: 4/4
  2439 | D:3      | Found an iron altar of Okawaru.
  2442 | D:3      | Found a basalt altar of Yredelemnul.
  2485 | D:3      | Found a faded altar of an unknown god.
  2506 | D:3      | Found a runed translucent door.
  2509 | D:3      | Noticed a bullfrog
  2510 | D:3      | Noticed Kes's ghost (amateur TrGl)
  3244 | D:3      | Found a radiant altar of Vehumet.
  3426 | D:4      | Slain by an orc

Illustrated notes

Levels and vault maps discovered:
D:1:      psy_arrival_dodecagon, layout_basic, serial_shops, shop,
          serial_corexii_hall, corexii_hall_statues_x, corexii_hall_statues_x,
          chequers_serial_rivers_room_a
D:2:      layout_basic
D:3:      layout_rooms, vehumet_altar_wand_db,
          mainiacjoe_overflow_catwalk_spiral, ebering_ghost_sewer_d,
          shapermc_ecumenical_altar_venn
D:4:      layout_basic, minmay_temple_entry_drinking_statues

Skill      XL: |  1  2  3 |
---------------+----------+-----
Armour         | 1 2 |  2.6
Long Blades    | 3 |  3.6
Dodging        | 3 |  3.2
Fighting       | |  2.1
Throwing       | |  1.7

Action                   |  1- 3 |  4- 6 || total
-------------------------+-------+-------++-------
Melee: Long sword        |   117 |    98 ||   215
       Punch             |       |     1 ||     1
Throw: Throwing net      |       |     1 ||     1
  Use: Scroll            |     4 |       ||     4
Armor: Leather armour    |    62 |    65 ||   127
Dodge: Dodged            |    91 |   135 ||   226
